 Dungeon Crawl Stone Soup version 0.29-a0-275-g389c0b56f3 (webtiles) character file.

Game seed: 10430192865300175334

16648 riojii the Nimble (level 12, -2/89 HPs)
             Began as a Djinni Fire Elementalist on Mar 9, 2022.
             Was an Elder of Elyvilon.
             Slain by an orc knight (12 damage)
             ... on level 11 of the Dungeon.
             The game lasted 00:20:47 (9998 turns).

riojii the Nimble (Djinni Fire Elementalist)        Turns: 9998, Time: 00:20:48

Health: -2/89      AC:  8    Str: 10    XL:     12   Next: 72%
Gold:   919        EV: 21    Int: 28    God:    Elyvilon [****..] SH:  0 Dex: 14

rFire   + + +      SeeInvis .   f - +6 rapier of Hoqa {freeze, rF++}
rCold   x . .      Faith    .   (no shield)
rNeg    . . .      Spirit   .   j - +5 robe of the Bulwark {*Slow Regen+ Str+3}
rPois   ∞          Reflect  .   (no helmet)
rElec   .          Harm     .   F - +0 cloak
rCorr   .          Rampage  .   (no gloves)
Will    +....                   (boots unavailable)
Stlth   ++++......              q - amulet of regeneration
HPRegen 1.84/turn               d - +6 ring of intelligence
MPRegen 0.00/turn               t - +4 ring of evasion

@: flying
A: sickness immunity, fire resistance 2, cold vulnerability 1, float, innate
caster, HP casting, extra vitality 1
a: Renounce Religion, Purification, Heal Other, Heal Self


You were on level 11 of the Dungeon.
You worshipped Elyvilon.
Elyvilon was greatly pleased with you.
You visited 2 branches of the dungeon, and saw 14 of its levels.

You collected 919 gold pieces.

Inventory:

Hand Weapons
 f - the +6 rapier of Hoqa (weapon) {freeze, rF++}
   (You found it on level 4 of the Dungeon)

   It freezes those it strikes, dealing additional cold damage.
   It can also slow down cold-blooded creatures.
   rF:        It greatly protects you from fire.
Armour
 j - the +5 robe of the Bulwark (worn) {*Slow Regen+ Str+3}
   (You found it on level 2 of the Dungeon)

   Str:       It affects your strength (+3).
   Regen:     It increases your rate of health regeneration.
   *Slow:     It may slow you when you take damage.
 B - a scarf of invisibility
 F - a +0 cloak (worn)
Jewellery
 d - a +6 ring of intelligence (left hand)
 k - a ring of ice
 q - an amulet of regeneration (around neck)
 s - a ring of protection from fire
 t - a +4 ring of evasion (right hand)
 C - a +4 ring of evasion
Wands
 e - a wand of iceblast (13)
 h - a wand of charming (4)
 m - a wand of paralysis (11)
 r - a wand of polymorph (14)
 x - a wand of digging (8)
 G - a wand of mindburst (8)
 I - a wand of acid (5)
Scrolls
 c - 5 scrolls of teleportation
 o - a scroll of enchant armour
 p - a scroll of enchant weapon
 v - 2 scrolls of holy word
 y - a scroll of fog
 D - 2 scrolls of identify
 H - a scroll of blinking
Potions
 a - a potion of brilliance {unknown}
 b - 7 potions of curing
 g - 4 potions of might
 i - a potion of attraction {unknown}
 l - 2 potions of berserk rage
 n - 2 potions of lignification {unknown}
 u - a potion of magic {unknown}
 w - a potion of resistance {unknown}
 z - a potion of degeneration {unknown}
 A - a potion of heal wounds
 E - a potion of mutation {unknown}


   Skills:
 + Level 9.0 Fighting
 + Level 10.2 Dodging
 + Level 8.4 Stealth
 * Level 10.2 Spellcasting


You had 5 spell levels left.
You knew the following spells:

 Your Spells              Type           Power      Damage    Failure   Level
a - Foxfire               Conj/Fire      100%       2x1d9     1%          1
b - Scorch                Fire           100%       2d10      1%          2
c - Conjure Flame         Conj/Fire      64%        6-21      1%          3
d - Inner Flame           Hex/Fire       64%        N/A       1%          3
e - Flame Wave            Conj/Fire      64%        2d12      1%          4
f - Pain                  Necr           100%       1d9       1%          1
g - Wereblood             Tmut           64%        N/A       1%          2
h - Vampiric Draining     Necr           64%        2d10      1%          3
i - Tukima's Dance        Hex            64%        N/A       1%          3
j - Fulminant Prism       Conj/Hex       32%        3d16      1%          4
Your spell library was empty.

Dungeon Overview and Level Annotations

Branches:
Dungeon (13/15)            Temple (1/1) D:4            Lair (0/6) D:10
    Orc (0/2) D:11
 Vaults: D:13-14

Altars:
Ashenzari
Cheibriados
Dithmenos
Elyvilon
Fedhas
Gozag
Hepliaklqana
Kikubaaqudgha
Makhleb
Nemelex Xobeh
Okawaru
Qazlal
Ru
Sif Muna
Trog
Uskayaw
Vehumet
Wu Jian
Xom
Yredelemnul
Zin
The Shining One
Jiyva

Shops:
D:7 *   D:10 ?[   D:11 [

Annotations:
D:3 3 runed translucent doors, sammy202020's ghost, amateur GrBe
D:9 3 runed translucent doors, riojii's ghost, novice DDFi


Innate Abilities, Weirdness & Mutations

You are immune to sickness and miasma.
You are immune to poison.
Your flesh is very heat resistant. (rF++)
You are vulnerable to cold. (rC-)
You float through the air rather than walking.
You learn spells naturally, not from books.
Your magical power is your life essence.
You have superior vitality. (+4 MHP)


Message History

Flames lash the orc knight but do no damage.
The orc knight hits you with a +0 war axe!!
Casting: Scorch (safe; 1% risk of failure)
Confirm with . or Enter, or press ? or * to list all spells.
Flames lash the orc knight.
The orc knight is burned terribly!
The orc knight is lightly wounded.
The orc knight hits you with a +0 war axe!!
Casting: Scorch (safe; 1% risk of failure)
Confirm with . or Enter, or press ? or * to list all spells.
Flames lash the orc knight.
The orc knight is burned terribly!
The orc knight is moderately wounded.
The orc knight hits you with a +0 war axe!!
* * * LOW HITPOINT WARNING * * *
Casting: Scorch (safe; 1% risk of failure)
Confirm with . or Enter, or press ? or * to list all spells.
Aiming: Tukima's Dance (safe; 1% risk of failure)
Press: ? - help, Shift-Dir - straight line, f - orc knight
Aim: an orc knight, wielding a +0 war axe and wearing a +0 chain mail (moderately wounded, more vulnerable to fire, chance to affect: 62%)
The orc knight resists with significant effort.
* * * LOW HITPOINT WARNING * * *
The orc knight hits you with a +0 war axe!
* * * LOW HITPOINT WARNING * * *
You feel much better.
The orc knight hits you with a +0 war axe!
* * * LOW HITPOINT WARNING * * *
You feel much better.
An orc warrior comes into view. It is wielding a +0 dire flail.
The orc knight hits you with a +0 war axe!
Casting: Tukima's Dance (safe; 1% risk of failure)
Confirm with . or Enter, or press ? or * to list all spells.
Aiming: Tukima's Dance (safe; 1% risk of failure)
Press: ? - help, Shift-Dir - straight line, f/p - orc knight
Aim: an orc knight, wielding a +0 war axe and wearing a +0 chain mail (moderately wounded, more vulnerable to fire, chance to affect: 62%)
The +0 war axe dances into the air!
The orc warrior shouts!
The orc knight hits you!!
* * * LOW HITPOINT WARNING * * *
The orc knight attacks as you move away!
The orc knight hits you!
You die...

#.##.........
#...9.#
#...^.#
#)..oo########
#.......9....#
#........###9#
#.#......# #.#
#.#......###.#
#.#.......@o.#
#............#
#...<......(.#
#........>...#
#.....########
#.....#
#..##.#
#..##.#
#.....#


You could see an orc knight (combustible, ally target), an orc warrior and a
friendly +0 war axe.

Vanquished Creatures
  A centaur warrior (D:13)
  A two-headed ogre (D:9)
  Erica (D:9)
  2 ugly things
  A manticore (D:12)
  Maurice (D:8)
  Joseph (D:9)
  2 gargoyles
  An unseen horror (D:11)
  Psyche (D:8)
  3 trolls
  Prince Ribbit (D:9)
  Grinder (D:3)
  A centaur simulacrum (D:13)
  Sigmund (D:5)
  3 wyverns
  31 yaks
  A vampire mosquito (D:8)
  3 water moccasins
  4 acid dragons
  2 orc warriors
  An ice beast (D:6)
  4 black bears
  3 centaurs
  An ogre (D:4)
  A bullfrog (D:7)
  2 kobold brigands
  3 necrophages
  4 scorpions
  2 gnoll sergeants
  13 wights
  14 killer bees
  8 howler monkeys
  2 gnoll shamans (D:7)
  5 orc priests
  4 jellies
  6 iguanas
  Terence (D:3)
  Natasha (thrice) (D:2)
  6 orc wizards
  16 gnolls
  8 adders
  A shadow imp (D:6)
  An ufetubus (D:5)
  3 worms
  5 dart slugs
  28 orcs
  4 endoplasms
  A giant cockroach (D:4)
  5 goblins
  9 hobgoblins
  3 jackals (D:1)
  10 kobolds
  6 quokkas
  8 ball pythons
  4 bats
  2 frilled lizards
  6 rats
266 creatures vanquished.

Vanquished Creatures (collateral kills)
  A two-headed ogre (D:10)
1 creature vanquished.

Vanquished Creatures (others)
  1023 foxfires
  14 fungi (D:10)
  12 plants (D:10)
1049 creatures vanquished.

Grand Total: 1316 creatures vanquished

Notes
Turn   | Place    | Note
-------+----------+-------------------------------------------
     0 | D:1      | riojii the Djinni Fire Elementalist began the quest for the
                  | Orb.
     0 | D:1      | Reached XP level 1. HP: 15/15 MP: 0/0
   423 | D:1      | Reached XP level 2. HP: 19/22 MP: 0/0
   922 | D:1      | Reached XP level 3. HP: 22/26 MP: 0/0
   922 | D:1      | Learned a level 1 spell: Pain
  1485 | D:2      | Reached skill level 1 in Fighting
  1736 | D:2      | Reached XP level 4. HP: 23/32 MP: 0/0
  1938 | D:2      | Identified the +5 robe of the Bulwark {*Slow Regen+ Str+3}
  2087 | D:2      | Noticed Natasha
  2098 | D:2      | Killed Natasha
  2250 | D:2      | Noticed Natasha
  2253 | D:2      | Killed Natasha
  2254 | D:2      | Reached XP level 5. HP: 38/38 MP: 0/0
  2254 | D:2      | Learned a level 2 spell: Wereblood
  2254 | D:2      | Noticed Natasha
  2258 | D:2      | Killed Natasha
  2530 | D:3      | Found a faded altar of an unknown god.
  2607 | D:3      | Noticed Terence
  2618 | D:3      | Killed Terence
  2644 | D:3      | Reached XP level 6. HP: 31/43 MP: 0/0
  3104 | D:3      | Found a runed translucent gate.
  3105 | D:3      | Found a runed translucent gate.
  3105 | D:3      | Noticed sammy202020's ghost (amateur GrBe)
  3106 | D:3      | Found a runed translucent gate.
  3121 | D:3      | Noticed Grinder
  3140 | D:3      | Paralysed by Grinder for 2 turns
  3143 | D:3      | Killed Grinder
  3144 | D:3      | Reached XP level 7. HP: 32/49 MP: 0/0
  3144 | D:3      | Learned a level 3 spell: Vampiric Draining
  3663 | D:4      | Found a glowing silver altar of Zin.
  3696 | D:4      | Found a staircase to the Ecumenical Temple.
  3732 | D:4      | Identified the +6 rapier of Hoqa {freeze, rF++}
  3750 | Temple   | Entered the Ecumenical Temple
  4075 | Temple   | Became a worshipper of Elyvilon the Healer
  4371 | D:4      | Reached XP level 8. HP: 56/56 MP: 0/0
  4399 | D:5      | Entered Level 5 of the Dungeon
  4529 | D:5      | Reached skill level 5 in Spellcasting
  4548 | D:5      | Reached skill level 5 in Dodging
  4660 | D:5      | Reached * piety under Elyvilon
  4714 | D:5      | Noticed Sigmund
  4720 | D:5      | Killed Sigmund
  4800 | D:5      | Reached XP level 9. HP: 37/63 MP: 0/0
  4800 | D:5      | Learned a level 3 spell: Tukima's Dance
  5154 | D:6      | Reached skill level 5 in Fighting
  5158 | D:6      | Reached skill level 5 in Stealth
  5765 | D:7      | Reached XP level 10. HP: 71/71 MP: 0/0
  5781 | D:7      | Found Oschintom's General Store.
  5856 | D:7      | Reached ** piety under Elyvilon
  6694 | D:8      | HP: 2/73 [yak (15)]
  6708 | D:8      | Noticed Psyche
  6734 | D:8      | Killed Psyche
  6742 | D:8      | Reached XP level 11. HP: 68/78 MP: 0/0
  6742 | D:8      | Learned a level 4 spell: Fulminant Prism
  6883 | D:8      | Noticed Maurice
  7014 | D:8      | Killed Maurice
  7472 | D:9      | Reached *** piety under Elyvilon
  7485 | D:9      | Noticed Prince Ribbit
  7488 | D:9      | Killed Prince Ribbit
  7492 | D:9      | Noticed Erica
  7511 | D:9      | Killed Erica
  7863 | D:9      | Identified the +11 dagger "Esat Toi" {vorpal, Str+5 Int+4
                  | Dex-5}
  7885 | D:9      | Noticed a two-headed ogre
  7900 | D:9      | Killed a two-headed ogre
  8015 | D:9      | Noticed Joseph
  8030 | D:9      | Killed Joseph
  8405 | D:9      | Reached XP level 12. HP: 85/86 MP: 0/0
  8427 | D:9      | Found a runed translucent gate.
  8428 | D:9      | Found a runed translucent gate.
  8429 | D:9      | Found a runed translucent gate.
  8430 | D:9      | Noticed riojii's ghost (novice DDFi)
  8435 | D:9      | Found a viscous altar of Jiyva.
  8491 | D:10     | Entered Level 10 of the Dungeon
  8543 | D:10     | Noticed a two-headed ogre
  8859 | D:10     | Found a staircase to the Lair.
  8877 | D:10     | Found Ilingo's Magic Scroll Shop.
  8911 | D:10     | Reached **** piety under Elyvilon
  9125 | D:10     | Killed a two-headed ogre
  9185 | D:10     | Found Kyomnas's Antique Armour Emporium.
  9538 | D:11     | You are sucked into a shaft and drop 2 floors!
  9594 | D:13     | Noticed a centaur warrior
  9598 | D:13     | Killed a centaur warrior
  9599 | D:13     | Reached skill level 10 in Dodging
  9652 | D:13     | Reached skill level 10 in Spellcasting
  9958 | D:11     | Found Kymm's Armour Shop.
  9965 | D:11     | Found a staircase to the Orcish Mines.
  9998 | D:11     | Slain by an orc knight

Illustrated notes

Levels and vault maps discovered:
D:1:      ncdulo_smallfort, layout_loops_cross, kennysheep_minor_cross,
          minmay_misc_feat_encased
D:2:      layout_loops_ring, minmay_liquid_box, st_stairs_9, minmay_cut_off,
          uniq_natasha
D:3:      layout_loops_ring, nicolae_ecumenical_pavilion,
          gammafunk_ghost_nasty_kobolds, kennysheep_generic_room_11,
          uniq_terence, uniq_grinder
D:4:      layout_basic, marbit_many_paths, minmay_temple_entry_glass,
          minmay_starry_boxes
D:5:      layout_rooms, ldierk_geyser, uniq_sigmund
D:6:      layout_basic
D:7:      layout_cave_pods, serial_shops, shop, minmay_misc_feat_chi
D:8:      layout_rooms, kb_rosetta, uniq_psyche, uniq_maurice
D:9:      layout_loops_ring, gammafunk_ghost_ooze, serial_bayou_pond_a,
          uniq_erica, uniq_joseph, uniq_prince_ribbit1
D:10:     layout_loops_ring, grunt_lair_entry_orc_guard_hut, serial_shops,
          kennysheep_mini, minmay_shop_grid_forest,
          minmay_fractal_squares_gapless_5
D:11:     layout_stronghold, orc_david_3, nicolae_underground_beach,
          uniq_josephine
D:12:     minmay_textured_paths, layout_layer_cave, gammafunk_ghost_smash,
          uniq_rupert
D:13:     layout_loops_corners
Temple:   mainiacjoe_temple_circle_huts

Skill      XL: |  1  2  3  4  5  6  7  8  9 10 11 12 |
---------------+-------------------------------------+-----
Fighting       | 1 2 3 4 5 6 8 9 |  9.0
Stealth        | 2 3 4 5 6 7 8 |  8.4
Spellcasting   | 3 4 5 6 8 9 10 | 10.2
Dodging        | 3 4 5 6 8 9 10 | 10.2

Action                   |  1- 3 |  4- 6 |  7- 9 | 10-12 || total
-------------------------+-------+-------+-------+-------++-------
Melee: Rapier            |       |       |       |     1 ||     1
 Cast: Foxfire           |    83 |    81 |   227 |   251 ||   642
       Scorch            |       |    31 |    59 |   234 ||   324
       Conjure Flame     |       |     4 |     3 |    29 ||    36
       Flame Wave        |       |       |       |     8 ||     8
       Tukima's Dance    |       |       |       |     3 ||     3
  Use: Scroll            |       |       |    10 |     6 ||    16
       Potion            |       |       |       |     4 ||     4
Armor: Robe              |       |     4 |     6 |    15 ||    25
Dodge: Dodged            |       |     8 |    12 |   109 ||   129

Table legend: (Time is in decaauts)
 A = Elapsed time spent in this place.
 B = Non-inter-level travel time spent in this place.
 C = Inter-level travel time spent in this place.
 D = Time resting spent in this place.
 E = Time spent auto-exploring this place.
 F = Levels seen in this place.
 G = Mean time per level.
                   A        B        C        D        E       F      G
               +--------+--------+--------+--------+--------+-----+--------+
         Total |   9997 |   9476 |    521 |    108 |   7597 |  14 |  714.1 |
       Dungeon |   9652 |   9177 |    475 |    108 |   7320 |  13 |  742.5 |
        Temple |    344 |    298 |     46 |      0 |    277 |   1 |  344.0 |
               +--------+--------+--------+--------+--------+-----+--------+

Top non-repeatable levels by time:
     D:1: 1479 daAuts
     D:9: 1192 daAuts
     D:2: 1050 daAuts
     D:7: 936 daAuts
     D:3: 897 daAuts
    D:10: 816 daAuts
     D:8: 807 daAuts
     D:6: 723 daAuts
     D:4: 625 daAuts
     D:5: 622 daAuts
  Temple: 344 daAuts
    D:13: 207 daAuts
    D:11: 193 daAuts
    D:12: 99 daAuts
